 Dungeon Crawl Stone Soup version 0.28.0-47-ge53b351184 (webtiles) character file.

Game seed: 8987405536129898469

212 bobregger the Cudgeller (level 5, -5/54 HPs)
             Began as an Ogre Berserker on May 4, 2022.
             Was a Believer of Trog.
             Killed from afar by Dowan (7 damage)
             ... with a puff of flame
             ... on level 4 of the Dungeon.
             The game lasted 00:04:09 (4163 turns).

bobregger the Cudgeller (Ogre Berserker)            Turns: 4163, Time: 00:04:09

Health: -5/54      AC:  3    Str: 21    XL:     5   Next: 89%
Magic:  5/5        EV: 10    Int:  8    God:    Trog [**....]
Gold:   105        SH:  0    Dex: 10    Spells: 4/4 levels left

rFire   . . .      SeeInvis .   a - +0 mace
rCold   . . .      Faith    .   (no shield)
rNeg    . . .      Spirit   .   b - +0 animal skin
rPois   .          Reflect  .   (helmet restricted)
rElec   .          Harm     .   (no cloak)
rCorr   .          Rampage  .   (gloves unavailable)
Will    .....                   (boots unavailable)
Stlth   +.........              (no amulet)
HPRegen 0.18/turn               (no ring)
MPRegen 0.09/turn               (no ring)

@: mighty, lit by a corona, on berserk cooldown, slowed, glowing, very slow
A: large, unfitting armour, tough skin 1
a: Renounce Religion, Berserk, Trog's Hand


You were on level 4 of the Dungeon.
You worshipped Trog.
Trog was pleased with you.
You visited 1 branch of the dungeon, and saw 4 of its levels.

You collected 105 gold pieces.

Inventory:

Hand Weapons
 a - a +0 mace (weapon)
Armour
 b - a +0 animal skin (worn)
Jewellery
 j - a ring of protection from fire
Scrolls
 f - 2 scrolls of teleportation {unknown}
 g - a scroll of acquirement {unknown}
 h - a scroll of fear {unknown}
 i - a scroll of vulnerability {unknown}
 l - a scroll of enchant weapon {unknown}
 m - 2 scrolls of blinking {unknown}
Potions
 d - 2 potions of flight


   Skills:
 - Level 4.0 Fighting
 + Level 5.8 Maces & Flails
 - Level 2.6 Dodging


You had 4 spell levels left.
You didn't know any spells.
Your spell library was empty.

Dungeon Overview and Level Annotations

Branches:
Dungeon (4/15)
 Temple: D:4-7

Altars:
Gozag
Kikubaaqudgha

Annotations:
D:4 Dowan


Innate Abilities, Weirdness & Mutations

You are too large for most types of armour.
You have tough skin. (AC +1)


Message History

You sock Dowan!
Dowan is severely wounded.
Dowan gestures wildly while chanting.
Dowan blinks!
You are no longer berserk.
You are exhausted.
You feel yourself slow down.
Dowan zaps a wand.
The puff of flame hits you! Dowan hits you but does no damage.
You feel much better. Dowan hits you with a +0 dagger.
Dowan casts a spell.
Dowan blinks!
Dowan gestures at you while chanting. The shard of ice hits you!!
Found a scale mail.
Dowan mumbles some strange words.
Dowan blinks!
Dowan shakes with grief.
Dowan zaps a wand.
The puff of flame hits you.
You hit Dowan.
Dowan is almost dead.
Dowan mumbles some strange words.
Dowan blinks!
Dowan hits you with a +0 dagger. Dowan hits you with a +0 dagger. x2
* * * LOW HITPOINT WARNING * * *
You closely miss Dowan.
Dowan is almost dead.
Dowan barely misses you.
Dowan casts a spell.
Dowan blinks!
Dowan gestures wildly while chanting.
Dowan blinks!
Dowan casts a spell at you. The stone arrow hits you!
* * * LOW HITPOINT WARNING * * *
You miss Dowan.
Dowan is almost dead.
Dowan gestures at you while chanting. The stone arrow misses you.
Dowan zaps a wand.
The puff of flame hits you!
You die...

....... #.#......
.......##....?...
.......#.........
.#.........$....[
...............#
..............ยง
#.......#.#
#..@e##.####
##.......(..#
#........<..#
............).#
........####.###
#.......# #..#
#......## #.##
#....... #..
..... ...


You could see Dowan (fast).

Vanquished Creatures
  Duvessa (D:4)
  A hound (D:3)
  2 adders
  3 worms
  2 dart slugs (D:2)
  3 bat skeletons (D:3)
  3 bat zombies (D:3)
  6 endoplasms
  4 giant cockroaches
  7 goblins
  2 hobgoblins (D:3)
  A quokka (D:2)
  7 ball pythons
  3 bats
  3 frilled lizards
  3 kobolds
  7 rats
58 creatures vanquished.

Notes
Turn   | Place    | Note
-------+----------+-------------------------------------------
     0 | D:1      | bobregger the Ogre Berserker began the quest for the Orb.
     0 | D:1      | Reached XP level 1. HP: 24/24 MP: 1/1
   495 | D:1      | Reached skill level 3 in Maces & Flails
   601 | D:1      | Reached XP level 2. HP: 27/32 MP: 2/2
  1903 | D:2      | Reached XP level 3. HP: 39/39 MP: 3/3
  2093 | D:2      | Found a faded altar of an unknown god.
  2110 | D:2      | Reached skill level 4 in Maces & Flails
  2831 | D:3      | Reached XP level 4. HP: 16/48 MP: 4/4
  3105 | D:3      | Reached ** piety under Trog
  3211 | D:3      | Found an opulent altar of Gozag.
  3602 | D:3      | Reached skill level 5 in Maces & Flails
  3616 | D:3      | Reached XP level 5. HP: 54/54 MP: 5/5
  3618 | D:3      | Found an ancient bone altar of Kikubaaqudgha.
  4074 | D:4      | Noticed Dowan
  4077 | D:4      | Noticed Duvessa
  4146 | D:4      | Killed Duvessa
  4162 | D:4      | HP: 2/54 [Dowan/stone arrow (15)]
  4163 | D:4      | Killed from afar by Dowan

Illustrated notes

Levels and vault maps discovered:
D:1:      mrwooster_arrival_arrow, layout_basic
D:2:      layout_basic, shapermc_ecumenical_altar_mp_highgroup,
          grunt_decor_fettered, mrwooster_statue_mirror, kennysheep_nub
D:3:      layout_loops_ring, mainiacjoe_overflow_cross_hatched,
          kennysheep_vampire_church, serial_rivers,
          chequers_serial_rivers_micro_c, chequers_serial_rivers_large_b,
          chequers_serial_rivers_micro_c, chequers_serial_rivers_micro_c,
          chequers_serial_rivers_micro_d, chequers_serial_rivers_room_a,
          kennysheep_generic_room_12
D:4:      layout_cave_pools, uniq_crazy_yiuf_cottage, uniq_duvessa

Skill      XL: |  1  2  3  4 |
---------------+-------------+-----
Maces & Flails | 3 4 5 |  5.8
Fighting       | |  4.0
Dodging        | |  2.6

Action                   |  1- 3 |  4- 6 || total
-------------------------+-------+-------++-------
Melee: Mace              |   122 |    91 ||   213
       Punch             |     3 |     1 ||     4
Invok: Berserk           |     2 |     1 ||     3
  Use: Scroll            |       |     3 ||     3
       Potion            |       |     2 ||     2
Armor: Animal skin       |    45 |    39 ||    84
Dodge: Dodged            |    61 |    65 ||   126
